 Dungeon Crawl Stone Soup version 0.28.0-47-ge53b351184 (webtiles) character file.

Game seed: 2939839352406984596

221 Ablot the Cutter (level 5, -3/40 (47) HPs)
             Began as a Gnoll Chaos Knight on Apr 28, 2022.
             Was a Plaything of Xom.
             Slain by Grinder (4 damage)
             ... while paralysed by Grinder
             ... on level 3 of the Dungeon.
             The game lasted 00:01:38 (1626 turns).

Ablot the Cutter (Gnoll Chaos Knight)               Turns: 1626, Time: 00:01:40

HP:   -3/40 (47)    AC:  5    Str: 13    XL:     5   Next: 98%
MP:   7/7           EV:  2    Int: 12    God:    Xom [..*...]
Gold: 104           SH:  0    Dex: 11    Spells: 7/7 levels left

rFire   . . .      SeeInvis .   a - +0 short sword (chaos)
rCold   + . .      Faith    .   (no shield)
rNeg    . . .      Spirit   .   b - +2 leather armour
rPois   .          Reflect  .   (no helmet)
rElec   .          Harm     .   (no cloak)
rCorr   .          Rampage  .   (no gloves)
Will    .....                   (no boots)
Stlth   +.........              (no amulet)
HPRegen 0.13/turn               d - ring of protection from cold
MPRegen 0.10/turn               h - ring of wizardry

@: paralysed, cleaving, heavily drained
A: fangs 1, strong nose, distributed training
a: Renounce Religion


You were on level 3 of the Dungeon.
You worshipped Xom.
You were a toy of Xom.
You visited 1 branch of the dungeon, and saw 3 of its levels.

You collected 104 gold pieces.

Inventory:

Hand Weapons
 a - a +0 short sword of chaos (weapon)
Missiles
 e - 64 stones (quivered)
 f - 21 sling bullets
 g - 30 bolts
Armour
 b - a +2 leather armour (worn)
Jewellery
 d - a ring of protection from cold (left hand)
 h - a ring of wizardry (right hand)
Scrolls
 c - a scroll of identify {unknown}
 i - a scroll of noise {unknown}
 k - a scroll of fear {unknown}
 m - a scroll of amnesia {unknown}
Potions
 j - a potion of berserk rage {unknown}
 l - 2 potions of might {unknown}


   Skills:
 + Level 6.7 Fighting
 + Level 6.7 Short Blades
 + Level 1.7 Long Blades
 + Level 1.7 Axes
 + Level 1.7 Maces & Flails
 + Level 1.7 Polearms
 + Level 1.7 Staves
 + Level 1.7 Slings
 + Level 1.7 Bows
 + Level 1.7 Crossbows
 + Level 1.7 Throwing
 + Level 4.9 Armour
 + Level 3.1 Dodging
 + Level 1.7 Stealth
 + Level 1.7 Shields
 + Level 1.7 Unarmed Combat
 + Level 1.7 Spellcasting
 + Level 1.3 Conjurations
 + Level 1.3 Hexes
 + Level 1.3 Summonings
 + Level 1.3 Necromancy
 + Level 1.3 Translocations
 + Level 1.3 Transmutations
 + Level 1.3 Fire Magic
 + Level 1.3 Ice Magic
 + Level 1.3 Air Magic
 + Level 1.3 Earth Magic
 + Level 1.3 Poison Magic
 + Level 1.9 Invocations
 + Level 1.7 Evocations


You had 7 spell levels left.
You didn't know any spells.
Your spell library was empty.

Dungeon Overview and Level Annotations

Branches:
Dungeon (3/15)

Altars:
Trog

Annotations:
D:3 Grinder


Innate Abilities, Weirdness & Mutations

You have very sharp teeth.
Your uncanny sense of smell can sniff out nearby items.
Your experience applies equally to all skills.


Message History

Grinder is lightly wounded.
The dart slug launches a dart at you. The slug dart hits you.
You hit Grinder.
Grinder is moderately wounded.
Grinder hits you!
You writhe in agony.
You hit Grinder.
Grinder is poisoned.
Grinder is moderately wounded.
The dart slug launches a dart at you. The slug dart misses you.
Grinder hits you!
You hit Grinder but do no damage.
Grinder is moderately wounded.
The dart slug launches a dart at you. The slug dart misses you.
Grinder barely misses you.
You closely miss Grinder.
Grinder is moderately wounded.
You hit Grinder.
Grinder's magic leaks into the air.
Your punch misses Grinder.
Grinder is moderately wounded.
Grinder's magic is no longer disrupted.
Grinder closely misses you.
You hit Grinder. You burn Grinder. Your bite misses Grinder.
Grinder is heavily wounded.
Grinder gestures at you.
You suddenly lose the ability to move!
Grinder hits you. The dart slug launches a dart at you. The slug dart hits you.
Grinder hits you. Xom grants you a minor favour.
Your +0 short sword of chaos looks sharp.
You are now a toy of Xom.
Grinder gestures at you. Pain shoots through your body!
* * * LOW HITPOINT WARNING * * *
The dart slug launches a dart at you. The slug dart hits you.
* * * LOW HITPOINT WARNING * * *
Grinder says, "FISH!"
Grinder hits you.
You die...
Xom giggles madly!

# #. .#.######
........# #
.[......#.#
........#.#
..........#
........#######
..........w@5.#
........(...#.#
.###.######.#<#
#[ #.#[# ∆ .
#.#.# # #.#.#
#.... ###.# ..#


You could see Grinder (poisoned) and a dart slug.

Vanquished Creatures
  Sigmund (D:2)
  A river rat (D:1)
  2 adders (D:2)
  5 ball pythons
  4 bats
  4 endoplasms
  4 goblins
  3 hobgoblins
  5 kobolds
  A quokka (D:2)
  5 frilled lizards
  6 rats
41 creatures vanquished.

Notes
Turn   | Place    | Note
-------+----------+-------------------------------------------
     0 | D:1      | Ablot the Gnoll Chaos Knight began the quest for the Orb.
     0 | D:1      | Reached XP level 1. HP: 23/23 MP: 1/1
   287 | D:1      | Reached XP level 2. HP: 29/29 MP: 2/2
   626 | D:1      | XOM: polymorph kobold -> river rat
   667 | D:1      | Reached XP level 3. HP: 32/35 MP: 3/3
   727 | D:1      | Found a faded altar of an unknown god.
   870 | D:2      | Found a bloodstained altar of Trog.
  1057 | D:2      | Reached skill level 1 in Invocations
  1180 | D:2      | Noticed Sigmund
  1189 | D:2      | Killed Sigmund
  1190 | D:2      | Reached skill level 1 in Long Blades
  1190 | D:2      | Reached skill level 1 in Axes
  1190 | D:2      | Reached skill level 1 in Maces & Flails
  1190 | D:2      | Reached skill level 1 in Polearms
  1190 | D:2      | Reached skill level 1 in Staves
  1190 | D:2      | Reached skill level 1 in Slings
  1190 | D:2      | Reached skill level 1 in Bows
  1190 | D:2      | Reached skill level 1 in Crossbows
  1190 | D:2      | Reached skill level 1 in Throwing
  1190 | D:2      | Reached skill level 1 in Stealth
  1190 | D:2      | Reached skill level 1 in Shields
  1190 | D:2      | Reached skill level 1 in Unarmed Combat
  1190 | D:2      | Reached skill level 1 in Spellcasting
  1190 | D:2      | Reached skill level 1 in Conjurations
  1190 | D:2      | Reached skill level 1 in Hexes
  1190 | D:2      | Reached skill level 1 in Summonings
  1190 | D:2      | Reached skill level 1 in Necromancy
  1190 | D:2      | Reached skill level 1 in Translocations
  1190 | D:2      | Reached skill level 1 in Transmutations
  1190 | D:2      | Reached skill level 1 in Fire Magic
  1190 | D:2      | Reached skill level 1 in Ice Magic
  1190 | D:2      | Reached skill level 1 in Air Magic
  1190 | D:2      | Reached skill level 1 in Earth Magic
  1190 | D:2      | Reached skill level 1 in Poison Magic
  1190 | D:2      | Reached skill level 1 in Evocations
  1190 | D:2      | Reached XP level 4. HP: 33/41 MP: 4/6
  1190 | D:2      | Reached XP level 5. HP: 38/47 MP: 4/7
  1565 | D:2      | XOM: draining
  1606 | D:3      | Noticed Grinder
  1622 | D:3      | Paralysed by Grinder for 7 turns
  1625 | D:3      | XOM: cleaving
  1626 | D:3      | HP: 1/40 [dart slug/slug dart (4)]
  1626 | D:3      | Slain by Grinder

Illustrated notes

Levels and vault maps discovered:
D:1:      minmay_arrival_stair_chambers, layout_basic,
          hellmonk_ecumenical_altar_heavens_door
D:2:      layout_loops_ring, basic_altar, uniq_sigmund
D:3:      layout_loops_ring, nrook_campfire, uniq_grinder

Skill      XL: |  1  2  3 |
---------------+----------+-----
Invocations    | 1 |  1.9
Long Blades    | 1 |  1.7
Axes           | 1 |  1.7
Maces & Flails | 1 |  1.7
Polearms       | 1 |  1.7
Staves         | 1 |  1.7
Slings         | 1 |  1.7
Bows           | 1 |  1.7
Crossbows      | 1 |  1.7
Throwing       | 1 |  1.7
Dodging        | 3 |  3.1
Stealth        | 1 |  1.7
Shields        | 1 |  1.7
Unarmed Combat | 1 |  1.7
Spellcasting   | 1 |  1.7
Conjurations   | 1 |  1.3
Hexes          | 1 |  1.3
Summonings     | 1 |  1.3
Necromancy     | 1 |  1.3
Translocations | 1 |  1.3
Transmutations | 1 |  1.3
Fire Magic     | 1 |  1.3
Ice Magic      | 1 |  1.3
Air Magic      | 1 |  1.3
Earth Magic    | 1 |  1.3
Poison Magic   | 1 |  1.3
Evocations     | 1 |  1.7
Fighting       | |  6.7
Short Blades   | |  6.7
Armour         | |  4.9

Action                   |  1- 3 |  4- 6 || total
-------------------------+-------+-------++-------
Melee: Short sword       |    87 |    25 ||   112
       Bite              |     6 |     2 ||     8
       Punch             |     3 |       ||     3
Armor: Leather armour    |    26 |     6 ||    32
Dodge: Dodged            |    38 |    15 ||    53
